 Dungeon Crawl Stone Soup version 0.27.1 (webtiles) character file.

Game seed: 7395805561462291593

2295 Atelerd the Digger (level 9, 0/54 HPs)
             Began as an Octopode Earth Elementalist on Sept 1, 2021.
             Was an Initiate of Sif Muna.
             Slain by a wight (14 damage)
             ... on level 7 of the Dungeon.
             The game lasted 00:14:42 (10038 turns).

Atelerd the Digger (Octopode Earth Elementalist)   Turns: 10038, Time: 00:14:43

Health: 0/54       AC:  1    Str:  3    XL:     9   Next: 40%
Magic:  1/18       EV: 14    Int: 32    God:    Sif Muna [......]
Gold:   356        SH:  0    Dex: 12    Spells: 15/20 levels left

rFire    . . .     SeeInvis .   y - +5 dagger of Icroroth {vorpal, Will+ Str-4 Int+5}
rCold    . . .     Faith    .   (no shield)
rNeg     . . .     Spirit   .   (helmet restricted)
rPois    .         Reflect  .   (no amulet)
rElec    .         Harm     .   v - +6 ring of intelligence
rCorr    .         Rampage  .   (no ring)
Will     +....                  (no ring)
Stlth    ++++......             (no ring)
HPRegen  0.18/turn              (no ring)
MPRegen  0.16/turn              (no ring)
                                (no ring)
                                (no ring)

@: no status effects
A: almost no armour, amphibious, 8 rings, camouflage 1, gelatinous body 1,
(nimble swimmer 1), tentacles
a: Renounce Religion


You were on level 7 of the Dungeon.
You worshipped Sif Muna.
Sif Muna was noncommittal.
You visited 2 branches of the dungeon, and saw 8 of its levels.
You also visited: Sewer.

You collected 356 gold pieces.

Inventory:

Hand Weapons
 d - a +1 dagger
 e - a +0 short sword
 y - the +5 dagger of Icroroth (weapon) {vorpal, Will+ Str-4 Int+5}
   (You found it on level 5 of the Dungeon)

   It inflicts extra damage upon your enemies.
   Str:       It affects your strength (-4).
   Int:       It affects your intelligence (+5).
   Will:      It increases your willpower.
Missiles
 w - 98 stones
Jewellery
 v - a +6 ring of intelligence (left tentacle)
Wands
 l - a wand of acid (19)
 m - a wand of digging (7)
Scrolls
 a - 3 scrolls of magic mapping
 b - a scroll of summoning {unknown}
 c - 2 scrolls of fog
 f - a scroll of noise {unknown}
 g - 5 scrolls of teleportation
 h - a scroll of fear
 i - 2 scrolls of enchant armour
 k - a scroll of brand weapon {unknown}
 o - 6 scrolls of identify {unknown}
 s - 3 scrolls of blinking {unknown}
 u - a scroll of enchant weapon
 A - a scroll of vulnerability {unknown}
Potions
 j - 3 potions of lignification
 n - 2 potions of ambrosia {unknown}
 p - 3 potions of cancellation {unknown}
 q - 4 potions of might {unknown}
 r - a potion of resistance {unknown}
 t - 8 potions of heal wounds {unknown}
 x - 2 potions of flight {unknown}
 z - a potion of degeneration {unknown}
 B - a potion of haste {unknown}


   Skills:
 - Level 2.0 Fighting
 - Level 2.0 Short Blades
 - Level 5.0 Dodging
 - Level 5.0 Stealth
 + Level 6.4 Spellcasting
 - Level 4.0 Transmutations
 - Level 7.0 Earth Magic
 * Level 2.8 Invocations


You had 15 spell levels left.
You knew the following spells:

 Your Spells              Type           Power      Damage    Failure   Level
a - Sandblast             Erth           100%       2d20      1%          1
p - Petrify               Tmut/Erth      45%        N/A       4%          4

Your spell library contained the following spells:

 Spells                   Type           Power      Damage    Failure   Level
 Passwall                 Tmut/Erth      37%        N/A       1%          2
 Stone Arrow              Conj/Erth      64%        3d11      3%          3
 Ignite Poison            Fire/Tmut/Pois 18%        N/A       8%          3
 Conjure Flame            Conj/Fire      10%        6-21      13%         3
 Iskenderun's Mystic Bla  Conj/Tloc      10%        2d4       41%         4
 Sticky Flame             Conj/Fire      10%        2d3       41%         4
 Statue Form              Tmut/Erth      30%        N/A       56%         6
 Iskenderun's Battlesphe  Conj           10%        2d6       77%         5
 Iron Shot                Conj/Erth      16%        9d4       85%         6
 Spellforged Servitor     Conj/Summ      5%         N/A       100%        7


Dungeon Overview and Level Annotations

Branches:
Dungeon (7/15)             Temple (1/1) D:6           Sewer (visited)

Altars:
Dithmenos
Elyvilon
Hepliaklqana
Kikubaaqudgha
Makhleb
Nemelex Xobeh
Qazlal
Ru
Sif Muna
Trog
Uskayaw
Vehumet
Wu Jian
Xom
Yredelemnul
Zin
The Shining One

Shops:
D:7 ?

Annotations:
D:3 exclusion: downstairs


Innate Abilities, Weirdness & Mutations

You cannot wear most types of armour.
You are amphibious.
You can wear up to eight rings at the same time.
Your skin changes colour to match your surroundings (Stealth+).
Your rubbery body absorbs attacks. (AC +1, EV +1)
((You are camouflaged near water. (Stealth+)))
You have tentacles for arms and can constrict up to eight enemies at once.


Message History

Casting: Sandblast (safe; 1% risk of failure)
Confirm with . or Enter, or press ? or * to list all spells.
Aiming: Sandblast (safe; 1% risk of failure)
Press: ? - help, Shift-Dir - straight line, f/p - wight
Aim: a wight, wielding a +4 trident and wearing a +0 robe (moderately damaged, 84% to hit)
The blast of sand hits the wight but does no damage.
The wight is moderately damaged.
The wight closely misses you.
Casting: Sandblast (safe; 1% risk of failure)
Confirm with . or Enter, or press ? or * to list all spells.
Aiming: Sandblast (safe; 1% risk of failure)
Press: ? - help, Shift-Dir - straight line, f/p - wight
Aim: a wight, wielding a +4 trident and wearing a +0 robe (moderately damaged, 84% to hit)
The blast of sand hits the wight!!
You destroy the wight!
Sif Muna accepts your kill.
Unknown command.
Unknown command.
Casting: Sandblast (safe; 1% risk of failure)
Confirm with . or Enter, or press ? or * to list all spells.
Aiming: Petrify (dangerous; 4% risk of failure)
Press: ? - help, Shift-Dir - straight line, f - troll
Aim: a troll (chance to affect: 70%)
The troll struggles to resist.
The troll barely misses you. The troll claws you!
The troll claws you but does no damage.
Unknown command.
Casting: Petrify (dangerous; 4% risk of failure)
Confirm with . or Enter, or press ? or * to list all spells.
Aiming: Petrify (dangerous; 4% risk of failure)
Press: ? - help, Shift-Dir - straight line, f/p - troll
Aim: a troll (chance to affect: 70%)
The troll is moving more slowly.
The troll barely misses you. The troll closely misses you.
The troll barely misses you. The wight barely misses you.
Unknown command.
You hit the wight but do no damage. You grab the wight.
You constrict the wight. The troll closely misses you. The troll claws you! x2
* * * LOW HITPOINT WARNING * * *
The wight hits you with a +2 long sword!
You die...

#####################
..............>(....#
###...........###.##
#.............# #.#
#.#.#)###.....# #.# # #)#
#.....# #.z.# #.# ##.##)#
....# # #.# #.##z#####...
#.#.# #.##@# z...
#.#.####.##T# zzT..+
#........##.......8.8..
#.###.#####.######+.....+
#.......+∩#. #####.###
#.# #.#########
#..........


You could see a troll (petrifying) and a wight.

Vanquished Creatures
  Edmund (D:4)
  An ice beast (D:6)
  An orc warrior (D:5)
  2 sky beasts
  4 ogres
  3 centaurs (D:6)
  2 bullfrogs (Sewer)
  A gnoll sergeant (D:6)
  7 wights (D:7)
  A hound (D:5)
  2 jellies (D:5)
  3 orc priests
  2 iguanas
  Natasha (twice) (D:2)
  3 orc wizards
  8 gnolls
  A howler monkey skeleton (D:6)
  14 adders
  5 river rats (Sewer)
  2 ufetubi
  A worm (D:2)
  2 dart slugs
  11 orcs
  14 ball pythons
  8 endoplasms
  3 giant cockroaches (D:4)
  3 goblins
  4 hobgoblins
  3 jackals (D:1)
  3 quokkas
  11 bats
  4 frilled lizards
  10 kobolds
  28 rats
170 creatures vanquished.

Vanquished Creatures (others)
  A fungus (D:2)
1 creature vanquished.

Grand Total: 171 creatures vanquished

Notes
Turn   | Place    | Note
-------+----------+-------------------------------------------
     0 | D:1      | Atelerd the Octopode Earth Elementalist began the quest for
                  | the Orb.
     0 | D:1      | Reached XP level 1. HP: 11/11 MP: 3/3
    59 | D:1      | Reached XP level 2. HP: 5/17 MP: 0/5
  1064 | D:1      | Reached XP level 3. HP: 14/21 MP: 3/6
  2135 | D:2      | Noticed Natasha
  2141 | D:2      | Killed Natasha
  2142 | D:2      | Reached XP level 4. HP: 14/27 MP: 3/8
  2602 | D:2      | Noticed Natasha
  2615 | D:2      | Killed Natasha
  2932 | D:2      | Found a faded altar of an unknown god.
  3024 | D:3      | Found a burning altar of Makhleb.
  3097 | D:3      | Reached skill level 4 in Earth Magic
  3294 | D:3      | Learned a level 4 spell: Petrify
  3414 | D:3      | Reached XP level 5. HP: 31/31 MP: 9/9
  3468 | D:3      | Found a glowing golden altar of the Shining One.
  3779 | D:4      | Got the Compendium of the Ashen Compass
  3861 | D:4      | Noticed an ogre
  4134 | D:4      | Reached XP level 6. HP: 11/36 MP: 7/11
  4171 | D:4      | Found a glowing drain.
  4172 | D:4      | Noticed Edmund
  4205 | D:4      | Killed Edmund
  4327 | D:4      | Reached skill level 5 in Earth Magic
  4384 | D:4      | Reached XP level 7. HP: 24/41 MP: 6/13
  4393 | Sewer    | Entered a sewer
  5610 | Sewer    | Reached skill level 5 in Spellcasting
  6061 | D:5      | Entered Level 5 of the Dungeon
  6171 | D:5      | Reached skill level 6 in Earth Magic
  6200 | D:5      | Reached XP level 8. HP: 46/46 MP: 11/15
  6325 | D:5      | Found a bloodstained altar of Trog.
  6332 | D:5      | Identified the +5 dagger of Icroroth {vorpal, Will+ Str-4
                  | Int+5}
  6632 | D:5      | Reached skill level 7 in Earth Magic
  7032 | D:6      | Reached skill level 1 in Fighting
  7032 | D:6      | Reached skill level 1 in Short Blades
  7091 | D:5      | HP: 2/48 [orc warrior (18)]
  7875 | D:6      | Reached skill level 5 in Stealth
  7947 | D:6      | Found a basalt altar of Yredelemnul.
  8098 | D:6      | Reached skill level 5 in Dodging
  8098 | D:6      | Reached XP level 9. HP: 54/54 MP: 3/16
  8203 | D:6      | Found a shadowy altar of Dithmenos.
  8404 | D:6      | Found a staircase to the Ecumenical Temple.
  9413 | Temple   | Entered the Ecumenical Temple
  9593 | Temple   | Became a worshipper of Sif Muna the Loreminder
  9925 | D:7      | Reached skill level 1 in Invocations
  9993 | D:7      | Found Bueth's Magic Scroll Emporium.
 10006 | D:7      | Noticed a troll
 10038 | D:7      | Slain by a wight

Illustrated notes

Levels and vault maps discovered:
D:1:      minmay_arrival_open_corners, layout_basic
D:2:      layout_loops_ring, shapermc_ecumenical_altar_petra, hex_tiny,
          minmay_unequal, uniq_natasha
D:3:      layout_loops_ring, bloody_makhleb, nicolae_tso_swordbearing_angel
D:4:      layout_rooms, gup_sewer_entry_glass, uniq_edmund
D:5:      layout_cave_pools, bloody_trog
D:6:      layout_basic, grunt_dithmenos_smoke,
          mainiacjoe_overflow_concentric_impassable, lemuel_temple_firewalk_b,
          nrook_uturn
D:7:      layout_basic, serial_shops, nicolae_shop_window_shopping,
          nicolae_shop_behind_doors, hellmonk_guarded_unrand_lears
Temple:   nicolae_temple_figure_eight

Skill      XL: |  1  2  3  4  5  6  7  8  9 |
---------------+----------------------------+-----
Transmutations | 2 3 4 |  4.0
Spellcasting   | 3 4 5 6 |  6.4
Earth Magic    | 4 5 6 7 |  7.0
Stealth        | 5 |  5.0
Fighting       | 2 |  2.0
Short Blades   | 2 |  2.0
Dodging        | 5 |  5.0
Invocations    | 2 |  2.8

Action                   |  1- 3 |  4- 6 |  7- 9 || total
-------------------------+-------+-------+-------++-------
Melee: Unarmed           |    14 |       |       ||    14
       Constrict         |    16 |    12 |    28 ||    56
       Tentacles         |     6 |    17 |    12 ||    35
       Dagger            |    53 |    73 |   138 ||   264
 Cast: Sandblast         |    24 |    30 |    89 ||   143
       Petrify           |       |     5 |    28 ||    33
Evoke: Wand              |       |     1 |       ||     1
  Use: Potion            |     1 |       |     1 ||     2
       Scroll            |       |     2 |     4 ||     6
 Stab: Sleeping          |    11 |     3 |     5 ||    19
       Petrified         |       |    17 |    42 ||    59
       Petrifying        |       |       |     2 ||     2
       Distracted        |       |       |     1 ||     1
Armor: Skin              |     9 |     8 |    19 ||    36
Dodge: Dodged            |    45 |    57 |   107 ||   209
